 Dungeon Crawl Stone Soup version 0.30-a0-802-gb92711bcdf (webtiles) character file.

Game seed: 10875733382796141887

90 cforsyth the Sneak (level 4, 0/28 HPs)
             Began as a Kobold Brigand on Feb 24, 2023.
             Slain by a worm (8 damage)
             ... in a sewer.
             The game lasted 00:04:11 (1885 turns).

cforsyth the Sneak (Kobold Brigand)                 Turns: 1885, Time: 00:04:12

Health: 0/28       AC:  6    Str:  8    XL:     4   Next: 85%
Magic:  4/4        EV: 15    Int: 12    God:
Gold:   102        SH:  0    Dex: 18    Spells: 3/3 levels left

rFire   . . .      SeeInvis .    a - +2 dagger
rCold   . . .      Faith    .    (no shield)
rNeg    . . .      Spirit   .    b - +0 robe
rPois   .          Reflect  .    i - +1 helmet
rElec   .          Harm     .    c - +0 cloak
rCorr   .          Rampage  .    (no gloves)
Will    .....                    m - +0 pair of boots
Stlth   ++++                     (no amulet)
HPRegen 0.24/turn                (no ring)
MPRegen 0.09/turn                (no ring)

@: no status effects
A: small, no large weapons, nightstalker 3
a: no special abilities


You were in a sewer.
You visited 1 branch of the dungeon, and saw 3 of its levels.
You also visited: Sewer.

You collected 102 gold pieces.

Inventory:

Hand Weapons
 a - a +2 dagger (weapon)
Missiles
 d - 9 poisoned darts (quivered)
 e - 3 curare-tipped darts
Armour
 b - a +0 robe (worn)
 c - a +0 cloak (worn)
 i - a +1 helmet (worn)
 m - a +0 pair of boots (worn)
Jewellery
 j - a ring of fire
 n - a ring of wizardry
Scrolls
 f - a scroll of silence
 g - 2 scrolls of identify
 h - a scroll of teleportation
 k - a scroll of amnesia
 o - a scroll of torment
 p - a scroll of immolation {unknown}
Potions
 l - a potion of magic


   Skills:
 + Level 3.1 Fighting
 + Level 3.8 Short Blades
 - Level 2.1 Throwing
 + Level 2.6 Dodging
 + Level 6.1 Stealth


You had 3 spell levels left.
You didn't know any spells.
Your spell library was empty.

Dungeon Overview and Level Annotations

Branches:
Dungeon (3/15)              Sewer (1/1)

Altars:
Elyvilon


Innate Abilities, Weirdness & Mutations

You are small and have problems with some larger weapons.
You are completely attuned to the shadows.


Message History

Your unstable footing causes you to fumble your attack.
You hit the worm but do no damage.
The worm is lightly wounded.
The worm bites you!
You hit the worm.
The worm is moderately wounded.
You hit the worm.
The worm is moderately wounded.
The worm bites you!
* * * LOW HITPOINT WARNING * * *
You enter the shallow water.
Moving in this stuff is going to be slow.
You enter the shallow water.
Moving in this stuff is going to be slow.
You enter the shallow water.
Moving in this stuff is going to be slow.
You enter the shallow water.
Moving in this stuff is going to be slow.
You enter the shallow water.
Moving in this stuff is going to be slow.
There is a gate leading back out of this place here.
You start resting.
A worm is nearby!
You hit the worm. You punch the worm, but do no damage.
The worm is moderately wounded.
You hit the worm.
The worm is moderately wounded.
The worm completely misses you.
You hit the worm.
The worm is heavily wounded.
You hit the worm but do no damage.
The worm is heavily wounded.
The worm bites you!
* * * LOW HITPOINT WARNING * * *
You hit the worm but do no damage. You punch the worm.
The worm is severely wounded.
You hit the worm.
The worm is almost dead.
The worm bites you!
You die...

##..~~~.~~~.
###~~.~~~~~
##..~~~~~
##~..~.~~#
##~.~.~~.~~#
.~.~..~~~~~~
.......~....
~.~.~w..~~..
~....@.∩.~~.
.~.~.......~
.....~.....
..~..~....~
#~.~~~.~.~#


You could see a worm.

Vanquished Creatures
  3 adders (D:2)
  2 worms
  A dart slug (D:2)
  An orc (D:3)
  3 ball pythons
  6 bats
  2 endoplasms
  6 giant cockroaches
  4 goblins
  5 hobgoblins
  6 jackals
  3 quokkas
  A frilled lizard (D:3)
  A kobold (D:2)
  5 rats
49 creatures vanquished.

Notes
Turn   | Place    | Note
-------+----------+-------------------------------------------
     0 | D:1      | cforsyth the Kobold Brigand began the quest for the Orb.
     0 | D:1      | Reached XP level 1. HP: 12/12 MP: 1/1
   144 | D:1      | Reached XP level 2. HP: 18/18 MP: 2/2
   667 | D:2      | Reached XP level 3. HP: 8/22 MP: 3/3
   965 | D:2      | Reached XP level 4. HP: 27/27 MP: 4/4
  1020 | D:2      | Reached skill level 6 in Stealth
  1516 | D:3      | Found a faded altar of an unknown god.
  1697 | D:3      | Found a white marble altar of Elyvilon.
  1714 | D:3      | Found a glowing drain.
  1771 | Sewer    | Entered a sewer
  1885 | Sewer    | Slain by a worm

Illustrated notes

Levels and vault maps discovered:
D:1:      dpeg_arrival_long_road, layout_basic
D:2:      layout_basic, hangedman_decor_clover_reticule, minmay_distorted
D:3:      layout_loops_corners, grunt_temple_overflow_open,
          ebering_ecumenical_altar_ruins, portal_sewer_entry_f,
          minmay_splitting_lines, chequers_garden
Sewer:    sewer_co_tree

Skill      XL: |  1  2  3  4 |
---------------+-------------+-----
Short Blades   | 3 |  3.8
Dodging        | 2 |  2.6
Fighting       | 3 |  3.1
Stealth        | 6 |  6.1
Throwing       | |  2.1

Action                     |  1- 3 |  4- 6 || total
---------------------------+-------+-------++-------
  Melee: Dagger            |    86 |    80 ||   166
         Punch             |       |     2 ||     2
    Use: Potion            |     3 |       ||     3
         Scroll            |       |     5 ||     5
   Stab: Sleeping          |    10 |    11 ||    21
 Armour: Robe              |    41 |    12 ||    53
  Dodge: Dodged            |    71 |    39 ||   110

Table legend: (Time is in decaauts)
 A = Elapsed time spent in this place.
 B = Non-inter-level travel time spent in this place.
 C = Inter-level travel time spent in this place.
 D = Time resting spent in this place.
 E = Time spent auto-exploring this place.
 F = Levels seen in this place.
 G = Mean time per level.
                   A        B        C        D        E       F      G
               +--------+--------+--------+--------+--------+-----+--------+
         Total |   1880 |   1782 |     98 |     91 |   1111 |   4 |  470.0 |
       Dungeon |   1755 |   1657 |     98 |     74 |   1059 |   3 |  585.0 |
         Sewer |    125 |    125 |      0 |     17 |     52 |   1 |  125.0 |
               +--------+--------+--------+--------+--------+-----+--------+

Top non-repeatable levels by time:
     D:2: 764 daAuts
     D:1: 711 daAuts
     D:3: 279 daAuts
   Sewer: 125 daAuts
